 Dungeon Crawl Stone Soup version 0.17-a0-1564-g7b572aa (webtiles) character file.

5226 patman the Basher (level 10, 0/76 HPs)
             Began as a Human Wanderer on July 21, 2015.
             Was a Believer of Ashenzari.
             Slain by an unseen horror (4 damage)
             ... on level 9 of the Dungeon.
             The game lasted 00:29:49 (9490 turns).

patman the Basher (Human Wanderer)                  Turns: 9490, Time: 00:29:50

Health: 0/76       AC: 16    Str: 14    XL:     10   Next: 92%
Magic:  10/10      EV:  8    Int: 15    God:    Ashenzari [**....]
Gold:   440        SH:  0    Dex: 12    Spells: 0 memorised, 9 levels left

rFire  + . .     SeeInvis .     b - +2 dire flail (crush)
rCold  + . .     Clarity  .     R - +2 chain mail {rC+}
rNeg   . . .     SustAt   .     (no shield)
rPois  .         Gourm    .     B - +1 helmet
rElec  .         Spirit   .     A - +0 cloak
rCorr  .         Warding  .     (no gloves)
rMut   .         Stasis   .     (no boots)
MR     .....                    (no amulet)
Stlth  ..........               n - +2 ring of evasion (curse)
                                m - ring of protection from fire (curse)

@: very slightly contaminated, invisible, not resistant to hostile enchantments,
extremely unstealthy
A: no striking features
a: Scrying, Renounce Religion


You were on level 9 of the Dungeon.
You worshipped Ashenzari.
Ashenzari was pleased with you.
You were hungry.

You visited 1 branch of the dungeon, and saw 9 of its levels.

You collected 522 gold pieces.
You spent 82 gold pieces at shops.

Inventory:

Hand weapons
 a - a +2 hand crossbow
 b - a +2 dire flail of crushing (weapon)
 o - a +0 dagger
 q - a +0 dagger of venom
 C - a +0 blowgun
 K - a +2 dagger of freezing
Missiles
 f - 87 bolts
 i - 2 needles of frenzy
 j - 82 poisoned needles
 y - 15 bolts of frost
 P - 9 javelins (quivered)
 Q - 3 throwing nets
Armour
 A - a +0 cloak (worn)
 B - a +1 helmet (worn)
 R - a +2 chain mail of cold resistance (worn)
Jewellery
 h - an uncursed amulet of warding
 m - a cursed ring of protection from fire (left hand)
 n - a cursed +2 ring of evasion (right hand)
 t - a +3 ring of intelligence
 u - an uncursed ring of protection from cold
 T - an uncursed ring of protection from cold
Magical devices
 J - a wand of confusion (48)
 O - a wand of polymorph (10)
Scrolls
 d - 4 scrolls of teleportation
 e - 2 scrolls of recharging
 k - a scroll of fog {unknown}
 l - a scroll of curse jewellery
 p - 3 scrolls of fear
 r - a scroll of identify
 s - a scroll of noise
 L - 3 scrolls of amnesia {unknown}
 N - a scroll of immolation {unknown}
Potions
 c - 3 potions of curing
 v - a potion of agility
 w - 2 potions of degeneration
 D - 4 potions of haste
 E - a potion of beneficial mutation {unknown}
 F - 2 potions of resistance
 G - 4 potions of brilliance {unknown}
 H - a potion of cancellation {unknown}
 S - a potion of flight {unknown}
Books
 M - a book of Maledictions

   Spells                             Type                      Level
   a - Corona                         Hexes                        1
   b - Ensorcelled Hibernation        Hexes/Ice                    2
   c - Confuse                        Hexes                        3
   d - Tukima's Dance                 Hexes                        3
   e - Dazzling Spray                 Conjuration/Hexes            3
Comestibles
 g - 4 bread rations
 z - 4 meat rations
 I - a beef jerky
 U - 8 fruits


   Skills:
 * Level 6.2 Fighting
 * Level 10.4 Maces & Flails
 - Level 7.3 Crossbows
 * Level 6.9 Armour
 - Level 3.0 Stealth
   Level 1.0 Shields


You had 9 spell levels left.
You didn't know any spells.

Dungeon Overview and Level Annotations

Branches:
Dungeon (9/15)             Temple (0/1) D:7             Orc (0/4) D:9
   Lair: D:8-11

Altars:
Ashenzari
Elyvilon
Fedhas
Ru
Trog
Vehumet
Yredelemnul
Zin

Shops:
D:4 ?   D:6 *%

Annotations:
D:4 Dowan, Duvessa
D:9 Erolcha


Message History

* * * LOW HITPOINT WARNING * * *
Drink which item? (? for menu, Esc to quit)
You don't have any such object.
Drink which item? (? for menu, Esc to quit)
You can't drink that!
Drink which item? (? for menu, Esc to quit)
You feel better. Something hits you but does no damage.
You swing at nothing.
Something hits you.
* * * LOW HITPOINT WARNING * * *
You barely miss something. Something hits you but does no damage.
Something hits you but does no damage.
A hound comes into view.
You miss something. Something hits you but does no damage.
You closely miss something. Something hits you.
* * * LOW HITPOINT WARNING * * *
Something hits you but does no damage.
You swing at nothing.
Something hits you.
* * * LOW HITPOINT WARNING * * *
You miss something. Something hits you but does no damage. Something hits you.
You die...

* #.###...##,
.......#.
...#.#.##....##
* ##...#..#
#.......?...}..
##. #.## * *
###..........###
* # #.#* ≈
≈#......#..##*
,, [.#*
≈≈##.#.#..#.#
*,* #.#, * ≈
≈##..(#....# #.
* , ,#..#####h†#
, # ..# ,
.....#.{@## *
... .##*#.#.###
* .#. ≈ #...#
#,#) , , ##.## *
* #. ** * #.# ,,
#. * #.# * *,,
*####. #..,, ,,,
..##. * ### * *
, **#.##. , * ,
#.##.


You could see a hound.

Vanquished Creatures
  A manticore (D:7)
  Psyche (D:8)
  A hungry ghost (D:7)
  Menkaure (D:7)
  A water moccasin (D:6)
  4 orc warriors (D:9)
  2 necrophages
  5 centaurs
  A sky beast (D:9)
  4 ogres
  4 ice beasts
  2 wasps
  A big kobold (D:9)
  Blork the orc (D:4)
  4 giant frogs
  A wyvern skeleton (D:6)
  5 scorpions
  A giant frog zombie (D:8)
  A centaur zombie (D:8)
  A quasit (D:6)
  4 crimson imps
  5 giant frog skeletons
  5 orc priests
  5 hounds
  2 jellies
  9 orc wizards
  An iguana (D:8)
  Natasha (twice) (D:3)
  7 worker ants
  A hound skeleton (D:8)
  A worker ant zombie (D:4)
  Robin (D:3)
  8 gnolls
  7 adders
  4 oozes
  2 adder zombies (D:4)
  3 worms (D:3)
  7 giant geckos
  22 orcs
  A bat skeleton (D:7)
  A bat zombie (D:5)
  2 giant cockroaches
  20 goblins
  20 hobgoblins
  8 jackals
  16 kobolds
  3 ball pythons
  13 bats
  A giant gecko skeleton (D:6)
  4 giant newts
  5 quokkas
  A quokka skeleton (D:8)
  8 rats
241 creatures vanquished.

Vanquished Creatures (others)
  Natasha (D:3)
  A giant newt (D:3)
  14 plants (D:9)
16 creatures vanquished.

Grand Total: 257 creatures vanquished

Notes
Turn   | Place    | Note
--------------------------------------------------------------
     0 | D:1      | patman the Human Wanderer began the quest for the Orb.
     0 | D:1      | patman set off with: a +2 hand crossbow, 23 bolts, a potion of curing, a scroll of teleportation, a +0 robe, a +0 dagger, a bread ration
     0 | D:1      | Reached XP level 1. HP: 18/18 MP: 1/1
    97 | D:1      | Reached XP level 2. HP: 5/24 MP: 2/2
   745 | D:1      | Reached XP level 3. HP: 16/29 MP: 3/3
  1345 | D:2      | Found a shattered altar of Ashenzari.
  1352 | D:2      | Became a worshipper of Ashenzari the Shackled
  1598 | D:2      | Reached skill level 4 in Crossbows
  1598 | D:2      | Reached XP level 4. HP: 31/35 MP: 4/4
  1900 | D:3      | Found a runed door.
  1900 | D:3      | Noticed a human
  1903 | D:3      | Noticed Robin
  1948 | D:3      | Killed Robin
  1989 | D:3      | Found a basalt altar of Yredelemnul.
  2042 | D:4      | Reached XP level 5. HP: 22/41 MP: 5/5
  2067 | D:4      | Reached skill level 5 in Crossbows
  2416 | D:3      | Noticed Natasha
  2426 | D:3      | Killed Natasha
  2426 | D:3      | Reached XP level 6. HP: 41/47 MP: 6/6
  2510 | D:3      | Acquired Ashenzari's first power
  2566 | D:3      | Reached skill level 6 in Crossbows
  2735 | D:3      | Noticed Natasha
  2738 | D:3      | Killed Natasha
  2749 | D:3      | Killed Natasha
  3178 | D:4      | Found Laufisma's Magic Scroll Shoppe.
  3183 | D:4      | Bought a scroll of enchant armour for 82 gold pieces
  3272 | D:4      | Reached skill level 7 in Crossbows
  3272 | D:4      | Reached XP level 7. HP: 40/52 MP: 7/7
  3381 | D:4      | Noticed Blork the orc
  3388 | D:4      | Killed Blork the orc
  3475 | D:4      | Reached skill level 1 in Maces & Flails
  3748 | D:4      | Noticed Duvessa
  3748 | D:4      | Noticed Dowan
  3756 | D:5      | Entered Level 5 of the Dungeon
  3796 | D:5      | Found a basalt altar of Yredelemnul.
  3990 | D:5      | Reached XP level 8. HP: 37/58 MP: 8/8
  4186 | D:5      | Reached skill level 5 in Maces & Flails
  4267 | D:5      | Found a glowing silver altar of Zin.
  4518 | D:6      | Acquired Ashenzari's second power
  4898 | D:6      | Found Reunev's Food Shop.
  5154 | D:6      | Reached XP level 9. HP: 41/63 MP: 9/9
  5390 | D:6      | Reached skill level 8 in Maces & Flails
  5413 | D:6      | Found Fotin's Serpentskin Sales.
  5623 | D:6      | Found a white marble altar of Elyvilon.
  5623 | D:6      | Found a bloodstained altar of Trog.
  5641 | D:6      | Found a radiant altar of Vehumet.
  5644 | D:6      | Found a blossoming altar of Fedhas.
  5821 | D:7      | Noticed Menkaure
  5825 | D:7      | Killed Menkaure
  6391 | D:7      | Reached skill level 9 in Maces & Flails
  6427 | D:7      | Found a staircase to the Ecumenical Temple.
  6803 | D:7      | Noticed a manticore
  6821 | D:7      | Killed a manticore
  6821 | D:7      | Reached XP level 10. HP: 29/71 MP: 10/10
  7063 | D:7      | Reached skill level 5 in Armour
  7341 | D:7      | Found a sacrificial altar of Ru.
  7741 | D:8      | Reached skill level 5 in Fighting
  7856 | D:9      | Noticed Erolcha
  7862 | D:9      | HP: 1/74 [something (3)]
  7877 | D:9      | Paralysed by a wasp for 1 turns
  7878 | D:9      | HP: 2/74 [wasp (6)]
  8317 | D:9      | Reached skill level 10 in Maces & Flails
  8854 | D:9      | Found a staircase to the Orcish Mines.
  9086 | D:8      | Noticed Psyche
  9095 | D:8      | Killed Psyche
  9316 | D:8      | Noticed a cyclops
  9489 | D:9      | HP: 3/76 [something (3)]
  9490 | D:9      | Slain by an unseen horror

Vault maps used:
D:1:      minmay_arrival_doors, nrook_loot_triangle
D:2:      evilmike_ruin_ashenzari, first_bread, serial_glass, glass_columns_b,
          glass_columns_a
D:3:      dk_yredelemnul_ordeal, uniq_natasha, uniq_robin
D:4:      serial_shops, kennysheep_little_box, serial_undead, serial_undead_a,
          serial_undead_c, serial_undead_e, serial_undead_f,
          roderic_bali_sauvastika, uniq_blork_the_orc, uniq_duvessa, uniq_edmund
D:5:      corexii_shack_village, nicolae_overflow_crystal_walls, basic_altar
D:6:      minitemple, serial_shops, nicolae_shop_crystal, guppyfry_shop_venom
D:7:      nicolae_ru_the_path_less_chosen, minmay_temple_entry_trees,
          hex_medium, uniq_menkaure
D:8:      uniq_psyche
D:9:      david_lair_shrubbed, david_orc_4, serial_shops, nicolae_shop_trees,
          hangedman_ranch, kennysheep_just_a_vault, uniq_maurice, uniq_erolcha

Action                   |  1- 3 |  4- 6 |  7- 9 | 10-12 || total
-------------------------+-------+-------+-------+-------++-------
Melee: Dagger            |   114 |   181 |     5 |       ||   300
       Dire flail        |       |       |   333 |   321 ||   654
 Fire: Hand crossbow     |    12 |    45 |    22 |     5 ||    84
Throw: Tomahawk          |       |     1 |       |       ||     1
       Javelin           |       |       |     4 |       ||     4
Evoke: Wand              |       |       |       |     1 ||     1
  Use: Scroll            |     3 |       |     7 |     3 ||    13
       Potion            |       |     1 |     2 |     6 ||     9
 Stab: Sleeping          |     2 |       |       |       ||     2
  Eat: Chunk             |     1 |       |    11 |     8 ||    20
       Meat ration       |     1 |       |       |       ||     1
       Beef jerky        |       |     1 |     1 |       ||     2
